 Dungeon Crawl Stone Soup version 0.30-b1-2-g02819fbbbe (webtiles) character file.

Game seed: 1310122665116510104

11669 Gyggbridd the Spear-Bearer (level 11, 0/184 HPs)
             Began as an Ogre Berserker on July 7, 2023.
             Was a High Priest of Trog.
             Succumbed to a black mamba's poison
             ... on level 2 of the Lair of Beasts.
             The game lasted 00:38:21 (8877 turns).

Gyggbridd the Spear-Bearer (Ogre Berserker)         Turns: 8877, Time: 00:38:22

Health: 0/184      AC: 15    Str: 30    XL:     11   Next: 81%
Magic:  11/11      EV: 10    Int:  8    God:    Trog [*****.]
Gold:   1530       SH:  0    Dex:  8    Spells: 10/10 levels left

rFire   + + +        r - +11 trident of Demand {venom, rElec rC- Str+3 SInv}
rCold   x x .        (no shield)
rNeg    . . .        u - +0 fire dragon scales
rPois   .            y - +1 hat
rElec   +            q - +2 cloak
rCorr   .            (gloves unavailable)
SInv    +            (boots unavailable)
Will    +....        (no amulet) Stlth
                     e - +4 ring of slaying
HPRegen 0.50/turn    j - ring of protection from fire
MPRegen 0.12/turn

%: no passive effects
@: berserking, lethally poisoned (0 -> -54), very quick
A: large, unfitting armour, tough skin 1
a: Renounce Religion, Berserk, Trog's Hand, Brothers in Arms


You were on level 2 of the Lair of Beasts.
You worshipped Trog.
Trog was extremely pleased with you.
You visited 2 branches of the dungeon, and saw 12 of its levels.

You collected 1530 gold pieces.

Inventory:

Hand Weapons
 a - a +0 spear
 p - a +5 vampiric quarterstaff
 r - the +11 trident of Demand (weapon) {venom, rElec rC- Str+3 SInv}
   (You found it on level 5 of the Dungeon)

   Str:       It affects your strength (+3).
   rC:        It makes you vulnerable to cold.
   rElec:     It insulates you from electricity.
   SInv:      It lets you see invisible.
Missiles
 c - 89 stones
Armour
 b - a +2 animal skin
 q - a +2 cloak (worn)
 t - a +1 robe of willpower
 u - +0 fire dragon scales (worn)
 y - a +1 hat (worn)
 z - +0 steam dragon scales
 F - a +2 robe of cold resistance
Jewellery
 e - a +4 ring of slaying (left hand)
 j - a ring of protection from fire (right hand)
 k - a ring of magical power
 E - a ring of ice
Wands
 o - a wand of roots (14)
 w - a wand of mindburst (10)
 x - a wand of paralysis (13)
 A - a wand of light (19)
Scrolls
 h - 2 scrolls of blinking (quivered)
 l - 3 scrolls of fear
 m - 2 scrolls of magic mapping
 v - a scroll of teleportation
 B - a scroll of enchant weapon
 C - a scroll of silence
 G - a scroll of summoning
Potions
 d - 5 potions of curing
 f - 3 potions of might
 g - 2 potions of haste
 i - 2 potions of mutation {unknown}
 n - a potion of attraction {unknown}
 s - 2 potions of berserk rage
 D - a potion of brilliance {unknown}
 H - 4 potions of flight {unknown}


   Skills:
 + Level 11.7 Fighting
 + Level 11.7(11.9) Polearms
 + Level 2.2(7.8) Staves
 + Level 6.7 Armour
 + Level 7.7 Dodging
 + Level 2.3 Stealth


You had 10 spell levels left.
You didn't know any spells.
Your spell library was empty.

Dungeon Overview and Level Annotations

Branches:
Dungeon (10/15)              Lair (2/5) D:10
 Temple: D:4-7        Swamp: Lair:2-3    Shoals: Lair:2-3     Snake: Lair:2-3
 Spider: Lair:2-3       Orc: D:9-12

Altars:
Qazlal
The Shining One

Annotations:
D:9 2 runed translucent doors


Innate Abilities, Weirdness & Mutations

You are too large for most types of armour.
You have tough skin. (AC +1)


Message History

You are more poisoned.
The cane toad poisons you!
You puncture the cane toad!
The cane toad is poisoned.
The cane toad is almost dead.
You feel very sick. The black mamba bites you!
The cane toad closely misses you.
A red film seems to cover your vision as you go berserk!
You feel yourself moving faster!
You feel mighty!
You feel very sick. The black mamba barely misses you.
The black mamba bites you!
* * * LOW HITPOINT WARNING * * *
You are more poisoned.
The black mamba poisons you!
The cane toad stings you but does no damage.
You impale the cane toad!!
You kill the cane toad!
Trog accepts your kill.
You feel very sick. The black mamba closely misses you.
You feel very sick. The black mamba bites you!
* * * LOW HITPOINT WARNING * * *
You are lethally poisoned!
The black mamba poisons you!
You impale the black mamba!!
The black mamba is almost dead.
* * * LOW HITPOINT WARNING * * *
You feel very sick. The black mamba bites you!
* * * LOW HITPOINT WARNING * * *
You are more poisoned.
The black mamba poisons you!
You puncture the black mamba!
You kill the black mamba!
Trog accepts your kill.
Trog will now gift you melee weapons as you gain piety.
* * * LOW HITPOINT WARNING * * *
You feel very sick.
Okay, then.
You die...

.............# #
##....#.####.#.# #
.# # ##...###
....#. #.## #
##.).# .#..#.....#
# #....# #..#..|.
###.## #...... #.
#..##########..#.#
....
###..........$....#
###. #.#.#..#.[#
##.@P# ## #...####
###....#
###...#####.....##
#.........#####
#..P###.### #####
###


There were no monsters in sight!

Vanquished Creatures
  Fannar (Lair:1)
  Pikel (D:4)
  A black mamba (Lair:2)
  2 cane toads
  Maggie (D:8)
  5 komodo dragons
  2 hornets
  A polar bear (Lair:1)
  3 blink frogs (Lair:1)
  A wraith (D:9)
  11 yaks
  2 steam dragons
  The ghost of diceflayer the Shooter, an amateur DsHu (D:4)
  4 vampire mosquitoes (D:10)
  3 wargs (D:10)
  8 water moccasins
  An ice beast (D:5)
  3 orc warriors
  2 sky beasts
  2 centaurs (D:9)
  A lemure (D:4)
  A kobold brigand (D:9)
  A phantom (D:5)
  2 gnoll sergeants
  9 bullfrogs
  3 scorpions
  8 killer bees
  5 hounds
  6 orc priests
  A jelly (D:6)
  Crazy Yiuf (D:4)
  A sleepcap (D:4)
  2 gnoll boudas
  Ijyb (D:4)
  An iguana (D:4)
  6 orc wizards
  18 gnolls
  8 adders
  3 shadow imps
  2 white imps (D:8)
  3 ufetubi
  2 worms (D:4)
  2 dart slugs
  38 orcs
  6 ball pythons
  6 bats
  6 endoplasms
  A giant cockroach (D:2)
  4 goblins
  5 hobgoblins
  7 jackals
  3 quokkas
  2 frilled lizards
  7 kobolds
  5 rats
232 creatures vanquished.

Vanquished Creatures (collateral kills)
  An orc (D:10)
1 creature vanquished.

Vanquished Creatures (others)
  6 demonic plants (D:8)
  7 fungi
  12 plants
25 creatures vanquished.

Grand Total: 258 creatures vanquished

Notes
Turn   | Place    | Note
-------+----------+-------------------------------------------
     0 | D:1      | Gyggbridd the Ogre Berserker began the quest for the Orb.
     0 | D:1      | Reached XP level 1. HP: 24/24 MP: 1/1
   109 | D:1      | Reached XP level 2. HP: 27/32 MP: 2/2
   608 | D:1      | Reached XP level 3. HP: 35/40 MP: 3/3
   805 | D:1      | Reached ** piety under Trog
   859 | D:1      | Found a faded altar of an unknown god.
   994 | D:2      | Reached XP level 4. HP: 28/49 MP: 4/4
  1640 | D:4      | Reached XP level 5. HP: 55/55 MP: 5/5
  1669 | D:4      | Found a transporter.
  1681 | D:4      | Noticed diceflayer's ghost (amateur DsHu)
  1684 | D:4      | Noticed a lemure
  1684 | D:4      | Noticed a lemure
  1686 | D:4      | Noticed Pikel
  1687 | D:4      | Noticed a lemure
  1689 | D:4      | Noticed a lemure
  1697 | D:4      | Killed a lemure
  1706 | D:4      | HP: 2/82 [Pikel/+2 whip of freezing (9)]
  1707 | D:4      | Killed Pikel
  1708 | D:4      | Reached skill level 5 in Polearms
  1708 | D:4      | Reached XP level 6. HP: 2/67 MP: 6/6
  1708 | D:4      | Reached XP level 7. HP: 2/75 MP: 7/7
  1710 | D:4      | Reached skill level 5 in Dodging
  1931 | D:4      | Found a transporter.
  1995 | D:4      | Killed diceflayer's ghost
  2078 | D:4      | Reached XP level 8. HP: 40/84 MP: 8/8
  2463 | D:4      | Found a runed translucent door.
  2464 | D:4      | Noticed Crazy Yiuf
  2475 | D:4      | Killed Crazy Yiuf
  2723 | D:4      | Noticed Ijyb
  2730 | D:4      | Killed Ijyb
  2740 | D:5      | Entered Level 5 of the Dungeon
  2744 | D:5      | Reached *** piety under Trog
  2782 | D:5      | Identified the +11 trident of Demand {venom, rElec rC-
                  | Str+3 SInv}
  2931 | D:5      | Reached skill level 1 in Staves
  3132 | D:5      | Reached skill level 1 in Stealth
  4124 | D:6      | Reached XP level 9. HP: 86/96 MP: 9/9
  4170 | D:6      | Reached **** piety under Trog
  4197 | D:6      | Identified the +0 leather armour of Obu Ojie {Contam Fly
                  | rN+ Dex+2}
  4453 | D:6      | Noticed a hornet
  4460 | D:6      | Killed a hornet
  4461 | D:6      | Reached skill level 1 in Armour
  5274 | D:8      | Noticed Maggie
  5291 | D:8      | Killed Maggie
  5292 | D:8      | Reached XP level 10. HP: 81/107 MP: 10/10
  5531 | D:8      | Found a stormy altar of Qazlal.
  6079 | D:9      | Reached skill level 10 in Polearms
  6082 | D:9      | Reached ***** piety under Trog
  6108 | D:9      | Identified a scroll of acquirement
  6108 | D:9      | Acquired 981 gold pieces
  6833 | D:9      | Reached skill level 10 in Fighting
  6898 | D:9      | Found a large runed translucent door.
  6898 | D:9      | Found a large runed translucent door.
  7068 | D:10     | Entered Level 10 of the Dungeon
  7124 | D:10     | Found a staircase to the Lair.
  7169 | D:10     | Reached skill level 5 in Armour
  7209 | D:10     | Reached XP level 11. HP: 34/119 MP: 11/11
  7301 | Lair:1   | Entered Level 1 of the Lair of Beasts
  7589 | Lair:1   | Noticed Fannar
  7606 | Lair:1   | Killed Fannar
  8683 | Lair:2   | Found a glowing golden altar of the Shining One.
  8876 | Lair:2   | HP: 7/183 [poisoned by a black mamba]
  8877 | Lair:2   | Succumbed to a black mamba's poison

Illustrated notes

Levels and vault maps discovered:
D:1:      ebering_hopf_link, layout_basic, serial_glass, glass_columns_b,
          glass_columns_b, glass_columns_b, glass_columns_a, glass_columns_a,
          glass_columns_a, chequers_ecumenical_altar_lobes, item_on_display_a
D:2:      layout_basic, hangedman_abyss_or_decor_stabs, kennysheep_pointless_box
D:3:      layout_rooms, nicolae_ashenzari_panopticon, nicolae_underground_beach,
          uniq_terence, uniq_robin, uniq_grinder
D:4:      layout_loops_cross, gammafunk_ghost_arena, uniq_pikel, uniq_ijyb,
          uniq_crazy_yiuf_cottage
D:5:      layout_basic, chequers_arboretum
D:6:      layout_basic
D:7:      layout_gridville, minmay_temple_entry_overgrown, enter_bailey_7,
          nicolae_ossuary_entry_giza, kennysheep_windowed_goal
D:8:      layout_loops_ring, kennysheep_mini, serial_demonic, serial_demonic_g,
          serial_demonic_g, serial_demonic_e, serial_demonic_f,
          serial_bayou_ford_a, uniq_maggie
D:9:      layout_basic, jmf_multi_god_temple2
D:10:     layout_gridville, kennysheep_mini_moat,
          mainiacjoe_overflow_tiny_flanked, nicolae_gozag_seed_capital,
          erik_lair_orcish_takeover, orc_0_dummy, kennysheep_crisscross
Lair:1:   layout_hall_layers, uniq_fannar
Lair:2:   layout_loops_ring, basic_altar, hibernation_bobbens

Skill      XL: |  1  2  3  4  5  6  7  8  9 10 11 |
---------------+----------------------------------+-----
Dodging        | 3 4 5 6 7 |  7.7
Polearms       | 4 5 6 7 9 10 11 | 11.7
Fighting       | 6 8 9 10 11 | 11.7
Staves         | 2 |  2.2
Stealth        | 1 2 |  2.3
Armour         | 3 5 6 |  6.7

Action                     |  1- 3 |  4- 6 |  7- 9 | 10-12 || total
---------------------------+-------+-------+-------+-------++-------
  Melee: Spear             |   119 |    72 |    68 |       ||   259
         Punch             |     2 |       |     2 |     3 ||     7
         Trident           |       |       |   170 |   300 ||   470
         Quarterstaff      |       |       |    18 |       ||    18
 Invoke: Berserk           |       |     1 |     6 |     4 ||    11
         Brothers in Arms  |       |       |     1 |     1 ||     2
         Trog's Hand       |       |       |       |     3 ||     3
    Use: Scroll            |     5 |     3 |     6 |    11 ||    25
         Potion            |       |       |       |     3 ||     3
   Stab: Invisible         |       |       |       |     2 ||     2
 Armour: Animal skin       |    73 |    31 |    54 |       ||   158
         Robe              |       |       |     9 |       ||     9
         Fire dragon scale |       |       |    72 |   151 ||   223
  Dodge: Dodged            |   107 |    66 |   167 |   124 ||   464
